 Dungeon Crawl Stone Soup version 0.21-a0-349-g0c35859 (webtiles) character file.

18 tidbits the Charmwright (level 2, 26/26 HPs)
             Began as a Gnoll Skald on Oct 8, 2017.
             Quit the game on level 1 of the Dungeon.
             The game lasted 00:01:12 (223 turns).

tidbits the Charmwright (Gnoll Skald)                Turns: 223, Time: 00:01:13

Health: 26/26      AC:  5    Str: 13    XL:     2   Next: 70%
Magic:  7/7        EV: 12    Int: 15    God:
Gold:   41         SH:  0    Dex: 14    Spells: 5/10 levels left

rFire    . . .     SeeInvis .   a - +0 hand axe
rCold    . . .     Gourm    .   (no shield)
rNeg     . . .     Faith    .   B - +0 ring mail
rPois    .         Spirit   .   (no helmet)
rElec    .         Reflect  .   (no cloak)
rCorr    .         Harm     .   (no gloves)
MR       .....                  (no boots)
Stlth    +.........             f - amulet of inaccuracy (curse)
HPRegen  0.08/turn              (no ring)
MPRegen  0.10/turn              (no ring)

@: no status effects
A: distributed training, fangs 1, strong nose
a: no special abilities


You were on level 1 of the Dungeon.
You were not hungry.

You visited 1 branch of the dungeon, and saw 1 of its levels.

You collected 41 gold pieces.

Inventory:

Hand Weapons
 a - a +0 hand axe (weapon)
Missiles
 h - 3 javelins (quivered)
Armour
 b - a +0 leather armour
 B - a +0 ring mail (worn)
Jewellery
 f - a cursed amulet of inaccuracy (around neck)
   (You found it on level 1 of the Dungeon)
Scrolls
 e - a scroll of teleportation
Potions
 g - a potion of haste {unknown}
 i - a potion of might {unknown}
Books
 c - a book of Battle

   Spells                             Type                      Level
   a - Infusion                       Charms                       1
   b - Shroud of Golubria             Charms/Translocation         2
   c - Song of Slaying                Charms                       2
   d - Spectral Weapon                Hexes/Charms                 3
   e - Regeneration                   Charms/Necromancy            3
Comestibles
 d - 3 bread rations


   Skills:
 + Level 4.5 Fighting
 + Level 0.5 Short Blades
 + Level 0.5 Long Blades
 + Level 4.5 Axes
 + Level 0.5 Maces & Flails
 + Level 0.5 Polearms
 + Level 0.5 Staves
 + Level 0.5 Slings
 + Level 0.5 Bows
 + Level 0.5 Crossbows
 + Level 0.5 Throwing
 + Level 2.5 Armour
 + Level 4.5 Dodging
 + Level 0.5 Stealth
 + Level 0.5 Shields
 + Level 0.5 Unarmed Combat
 + Level 4.9 Spellcasting
 + Level 0.5 Conjurations
 + Level 0.5 Hexes
 + Level 6.5 Charms
 + Level 0.5 Summonings
 + Level 0.5 Necromancy
 + Level 0.5 Translocations
 + Level 0.5 Transmutations
 + Level 0.5 Fire Magic
 + Level 0.5 Ice Magic
 + Level 0.5 Air Magic
 + Level 0.5 Earth Magic
 + Level 0.5 Poison Magic
 + Level 0.5 Invocations
 + Level 0.5 Evocations


You had 5 spell levels left.
You knew the following spells:

 Your Spells              Type           Power        Failure   Level  Hunger
g - Shroud of Golubria    Chrm/Tloc      ##........   12%         2    ##.....
i - Infusion              Chrm           ###.         2%          1    None
y - Song of Slaying       Chrm           ###.....     3%          2    ##.....


Dungeon Overview and Level Annotations

Branches:
Dungeon (1/15)

Altars:


Innate Abilities, Weirdness & Mutations

Your experience applies equally to all skills.
You have very sharp teeth.
Your uncanny sense of smell can sniff out nearby items.


Message History

As you read the scroll labeled IPUGEL COTI, it crumbles to dust.
You feel strangely unstable.
It was a scroll of teleportation.
Your surroundings suddenly seem different.
Found a bread ration and 11 gold pieces.
You see here a bread ration.
d - 2 bread rations (gained 1)
You see here 11 gold pieces.
You now have 33 gold pieces (gained 11).
Casting: Infusion
Confirm with . or Enter, or press ? or * to list all spells.
You begin infusing your attacks with magical energy.
The frilled lizard bites you.
You hit the frilled lizard!
You kill the frilled lizard!
g - a coppery potion
There are no items here.
You see here 3 javelins.
h - 3 javelins
d - 3 bread rations (gained 1) HP restored.
Magic restored.
Your magical infusion is running out.
You are no longer magically infusing your attacks.
A dart slug comes into view.
Casting: Infusion
Confirm with . or Enter, or press ? or * to list all spells.
You begin infusing your attacks with magical energy.
The dart slug barely misses you.
You hit the dart slug!
The dart slug is severely wounded.
The dart slug launches a dart at you. The slug dart misses you.
You hit the dart slug!
You kill the dart slug!
A hobgoblin comes into view. It is wielding a club.
You miss the hobgoblin. Your bite misses the hobgoblin.
Your magical infusion is running out.
The hobgoblin barely misses you.
Your ring mail prevents you from hitting the hobgoblin.
The hobgoblin hits you but does no damage.
You closely miss the hobgoblin. The hobgoblin barely misses you.
You closely miss the hobgoblin.
The hobgoblin hits you but does no damage.
You barely miss the hobgoblin. The hobgoblin closely misses you.
You miss the hobgoblin. The hobgoblin closely misses you.
You closely miss the hobgoblin.
You are no longer magically infusing your attacks.
The hobgoblin closely misses you.
You barely miss the hobgoblin. The hobgoblin closely misses you.
You miss the hobgoblin.
The hobgoblin hits you but does no damage.
You hit the hobgoblin.
The hobgoblin is heavily wounded.
The hobgoblin closely misses you.
You hit the hobgoblin.
You kill the hobgoblin!
Things that are here:
a club; a hobgoblin corpse A bat comes into view.
The bat closely misses you.
Found a pink potion.
You miss the bat. You bite the bat.
The bat is moderately wounded.
The bat closely misses you.
You miss the bat.
The bat is moderately wounded.
The bat hits you but does no damage.
You barely miss the bat.
The bat is moderately wounded.
The bat closely misses you. The bat barely misses you.
Casting: Infusion
Confirm with . or Enter, or press ? or * to list all spells.
You begin infusing your attacks with magical energy.
The bat hits you but does no damage.
A bat comes into view.
The bat barely misses you.
The bat closely misses you. x2; The bat hits you but does no damage.
You closely miss the bat. You hit the bat.
You kill the bat!
The bat barely misses you. The bat hits you but does no damage.
You miss the bat. Your bite misses the bat. The bat misses you.
You hit the bat.
You kill the bat!
i - a pink potion A kobold comes into view.
Found 2 gold pieces.
You barely miss the kobold. The kobold closely misses you.
You closely miss the kobold. The kobold hits you.
You barely miss the kobold. The kobold barely misses you.
The kobold hits you but does no damage.
You barely miss the kobold. The kobold barely misses you.
You hit the kobold!
You kill the kobold!
You now have 35 gold pieces (gained 2).
You see here a kobold corpse.
Your magical infusion is running out.
You are no longer magically infusing your attacks.
Found 6 gold pieces.
You now have 41 gold pieces (gained 6).
Are you sure you want to abandon this character and quit the game? (Confirm with "yes".)

#.##.# #. #.##.########.
######.............
#..................
#.#######.#######.. #.### #.#
#.#. #.####...#####.# #.##.
#..............# #.# #.
#..≈≈≈≈@≈≈≈≈≈..# ## ##
##.≈≈≈≈.≈≈≈≈≈..# # #.≈≈≈≈.≈≈≈≈≈..
# #.≈≈≈≈.≈≈≈≈≈.# #.
#.≈≈≈≈.......# ## ########
#.......≈≈≈≈.########## .......#
##.≈≈≈≈≈.≈≈≈≈...........
######.###).≈≈≈≈≈.≈≈≈≈........###
###.......≈≈≈≈≈.≈≈≈≈...#.####


There were no monsters in sight!

Vanquished Creatures
  An ooze (D:1)
  A dart slug (D:1)
  2 bats (D:1)
  2 goblins (D:1)
  A hobgoblin (D:1)
  2 jackals (D:1)
  A kobold (D:1)
  A frilled lizard (D:1)
11 creatures vanquished.

Notes
Turn   | Place    | Note
-------+----------+-------------------------------------------
     0 | D:1      | tidbits the Gnoll Skald began the quest for the Orb.
     0 | D:1      | Reached XP level 1. HP: 20/20 MP: 6/6
    25 | D:1      | Reached XP level 2. HP: 21/26 MP: 0/7
    30 | D:1      | Learned a level 2 spell: Song of Slaying
    33 | D:1      | Learned a level 2 spell: Shroud of Golubria
   223 | D:1      | Quit the game

Vault maps used:
D:1:      dpeg_arrival_simpleton_b, minivault_14

Action                   || total
-------------------------++-------
Melee: Hand axe          ||    36
       Bite              ||     1
 Cast: Infusion          ||     4
  Use: Scroll            ||     1
Armor: Leather armour    ||     2
       Ring mail         ||     9
Dodge: Dodged            ||    24

Table legend:
 A = Spawn XP
 B = Non-spawn XP
 C = Spawn XP percentage of total XP
 D = Spawn monster count
 E = Non-spawn monster count
 F = Spawn count percentage of total count
 G = Total turns spent on level
                    A         B        C        D         E        F      G
               +---------+---------+-------+---------+---------+-------+---------
         Total |       0 |      27 |   0.0 |       0 |      11 |   0.0 |   223
               +---------+---------+-------+---------+---------+-------+---------
           D:1 |       0 |      27 |   0.0 |       0 |      11 |   0.0 |   223
               +---------+---------+-------+---------+---------+-------+---------

Table legend:
 A = Turns spent in this place as a percentage of turns spent in the entire game.
 B = Non-inter-level travel turns spent in this place as a percentage of non-inter-level travel turns spent in the entire game.
 C = Inter-level travel turns spent in this place as a percentage of turns spent in this place.
 D = Turns resting spent in this place as a percentage of non-inter-level travel turns spent in this place.
 E = Turns spent auto-exploring this place as a percentage of non-inter-level travel turns spent in this place.
 F = Non-inter-level travel turns spent in this place divided by the number of levels of this place that you've seen.
                   A       B       C       D       E      F
               +-------+-------+-------+-------+-------+----------------------
         Total | 100.0 | 100.0 |   0.0 |   0.0 |   0.0 | 223.0
       Dungeon | 100.0 | 100.0 |   0.0 |   0.0 |   0.0 | 223.0
               +-------+-------+-------+-------+-------+----------------------

Table legend:
 A = Kills in this place as a percentage of kills in entire the game.
 B = Kills by you in this place as a percentage of kills by you in the entire game.
 C = Kills by friends in this place as a percentage of kills by friends in the entire game.
 D = Other kills in this place as a percentage of other kills in the entire game.
 E = Experience gained in this place as a percentage of experience gained in the entire game.
 F = Experience gained in this place divided by the number of levels of this place that you have seen.
                   A       B       C       D       E      F
               +-------+-------+-------+-------+-------+----------------------
         Total | 100.0 | 100.0 |   N/A |   N/A | 100.0 |  27.0
       Dungeon | 100.0 | 100.0 |   N/A |   N/A | 100.0 |  27.0
               +-------+-------+-------+-------+-------+----------------------

Vault maps used:
D:1:      dpeg_arrival_simpleton_b, minivault_14
